 Dungeon Crawl Stone Soup version 0.27-a0-695-gb4952372f7 (webtiles) character file.

Game seed: 8861939522854677020

93 inc the Scratcher (level 4, 21/21 HPs)
             Began as a Felid Chaos Knight on Mar 21, 2021.
             Was a Plaything of Xom.
             Quit the game on level 7 of the Dungeon.
             The game lasted 00:04:13 (4116 turns).

inc the Scratcher (Felid Chaos Knight)              Turns: 4116, Time: 00:04:14

Health: 21/21      AC:  1    Str: 10    XL:     4   Next: 36%
Magic:  5/5        EV: 18    Int: 17    God:    Xom [..*...]
Gold:   854        SH:  0    Dex: 17    Spells: 3/3 levels left
                                        Lives:  0   Deaths: 1

rFire    . . .     SeeInvis +     - Unarmed
rCold    . . .     Faith    .   (shield unavailable)
rNeg     . . .     Spirit   .   (armour unavailable)
rPois    +         Reflect  .   (helmet unavailable)
rElec    .         Harm     .   (cloak unavailable)
rCorr    .         Rampage  .   (gloves unavailable)
Will     .....                  (boots unavailable)
Stlth    ++........             d - amulet of regeneration
HPRegen  1.07/turn              (no ring)
MPRegen  0.09/turn              (no ring)

@: quick
A: very small, claws 1, fangs 3, see invisible, speed 1, shaggy fur 1, stealthy
paws, no weapons or thrown items, no armour, multi-lived, agile 1, clever 1,
poison resistance, strong 1, MP-powered wands
a: Renounce Religion


You were on level 7 of the Dungeon.
You worshipped Xom.
You were a toy of Xom.
You visited 1 branch of the dungeon, and saw 5 of its levels.

You collected 854 gold pieces.

Inventory:

Jewellery
 d - an amulet of regeneration (around neck)
 h - an amulet of the acrobat
Wands
 n - a wand of polymorph (7)
Scrolls
 a - a scroll of noise {unknown}
 b - 2 scrolls of magic mapping {unknown}
 c - a scroll of fog {unknown}
 e - 2 scrolls of enchant armour {unknown}
 i - 2 scrolls of identify {unknown}
 j - a scroll of blinking {unknown}
 k - a scroll of silence {unknown}
 m - a scroll of teleportation {unknown}
Potions
 f - a potion of heal wounds {unknown}
 g - a potion of curing {unknown}
 l - a potion of berserk rage {unknown}


   Skills:
 - Level 3.0 Fighting
 - Level 3.2 Dodging
 + Level 6.1 Unarmed Combat


You had 3 spell levels left.
You didn't know any spells.
Your spell library was empty.

Dungeon Overview and Level Annotations

Branches:
Dungeon (4/15)
 Temple: D:4-7

Altars:
Xom
The Shining One

Shops:
D:1 (


Innate Abilities, Weirdness & Mutations

You have sharp claws.
You have razor-sharp teeth.
You have supernaturally acute eyesight. (SInv)
You cover ground quickly. (Speed+)
You are covered in fur. (AC +1)
Your stealthy paws help you sneak and pounce on unaware monsters.
You are incapable of wielding weapons or throwing items.
You cannot wear armour.
You gain extra lives every three experience levels.
You are agile. (Dex +2)
Your mind is acute. (Int +2)
Your system is resistant to poisons. (rPois)
Your muscles are strong. (Str +2)
You expend magic power (3 MP) to strengthen your wands.


Message History

You miss the phantom. "See what I see, my child!"
You feel aware of your surroundings.
You sensed 1 altar.
The phantom misses you.
You claw the phantom! You bite the phantom.
The phantom is moderately damaged.
The phantom misses you.
You barely miss the phantom.
The phantom is moderately damaged.
The phantom closely misses you.
You barely miss the phantom.
The phantom is moderately damaged.
The phantom completely misses you.
You claw the phantom!
The phantom is heavily damaged.
The phantom misses you.
You claw the phantom!
The phantom is almost destroyed.
You closely miss the phantom.
The phantom is almost destroyed.
The phantom hits you.
The phantom blinks!
You blink.
The centaur unwields a +0 flail.
The centaur wields a +0 shortbow.
The centaur shoots an arrow.
The arrow completely misses you.
You barely miss the phantom.
The phantom is almost destroyed.
The phantom completely misses you.
The centaur shoots an arrow.
The arrow completely misses you.
Unknown command.
You closely miss the phantom. You bite the phantom, but do no damage.
The phantom is almost destroyed.
Xom plays with reality for a moment.
You begin to radiate toxic energy.
The centaur is poisoned.
The centaur shoots an arrow.
The arrow hits you! The phantom barely misses you.
The centaur shoots an arrow.
The arrow hits you!
Ouch! That really hurt!
You die...
Xom howls with laughter!
You are now level 4!
You rejoin the land of the living...
Are you sure you want to abandon this character and quit the game? (Confirm with "yes".)

#...# #......# #...#
#####..##### #....#
#......# #..#
#.###(## #..# #.# #.#
#..# #.# #.# #..# #.#
#.# #..#######.###.##
#..#.....@.##...#####
#.....##.#....[.....#
##.#..#.###.#...###.#
#.#...## ##.#.## #
#.#..## ##..#
#.##<#.#.## ###
#..)......##
#.##.......#..
#.............


There were no monsters in sight!

Vanquished Creatures
  An orc wizard (D:2)
  A worker ant (D:7)
  3 gnolls (D:2)
  3 adders (D:2)
  2 worms
  A dart slug (D:1)
  4 leopard geckos
  2 orcs (D:3)
  9 bats
  3 giant cockroaches
  9 goblins
  10 hobgoblins
  5 kobolds
  A ball python (D:1)
  5 frilled lizards
  7 rats
66 creatures vanquished.

Notes
Turn   | Place    | Note
-------+----------+-------------------------------------------
     0 | D:1      | inc the Felid Chaos Knight began the quest for the Orb.
     0 | D:1      | Reached XP level 1. HP: 10/10 MP: 2/2
   146 | D:1      | Reached XP level 2. HP: 8/14 MP: 3/3
   557 | D:1      | XOM: divination: detect creatures
   749 | D:1      | Found Mough's Weapon Emporium.
   755 | D:1      | XOM: potion effect (brilliance)
   758 | D:1      | XOM: divination: detect items
   811 | D:1      | XOM: butterfly on damage
   813 | D:1      | Reached skill level 4 in Unarmed Combat
  1119 | D:1      | XOM: silly message
  1189 | D:1      | XOM: divination: magic mapping
  1331 | D:1      | XOM: scenery: create altars
  1482 | D:1      | XOM: god gift: 725 gold pieces
  1510 | D:1      | Reached XP level 3. HP: 17/17 MP: 4/4
  1522 | D:1      | XOM: scenery: create altars
  1706 | D:2      | XOM: torment (9/17 hp)
  1960 | D:1      | XOM is BORED!
  2114 | D:1      | XOM: give mutations
  2114 | D:1      | Gained mutation: You expend magic power (3 MP) to
                  | strengthen your wands. [Xom's grace]
  2114 | D:1      | Gained mutation: You are agile. (Dex +2) [Xom's grace]
  2114 | D:1      | Gained mutation: Your system is resistant to poisons.
                  | (rPois) [Xom's grace]
  2205 | D:2      | Reached XP level 4. HP: 20/21 MP: 5/5
  2246 | D:2      | Reached skill level 5 in Unarmed Combat
  2993 | D:2      | Reached XP level 5. HP: 22/24 MP: 6/6
  3112 | D:3      | XOM: give mutations
  3112 | D:3      | Gained mutation: Your mind is acute. (Int +2) [Xom's grace]
  3112 | D:3      | Gained mutation: Your muscles are strong. (Str +2) [Xom's
                  | grace]
  3944 | D:4      | Found a glowing golden altar of the Shining One.
  3989 | D:4      | You fall into a shaft and drop 3 floors!
  4064 | D:7      | Reached skill level 6 in Unarmed Combat
  4099 | D:7      | Noticed a phantom
  4100 | D:7      | XOM: stat loss: -1 Str (9/10)
  4101 | D:7      | Noticed a centaur
  4107 | D:7      | XOM: divination: magic mapping
  4115 | D:7      | XOM: cast spell 'Olgreb's Toxic Radiance'
  4115 | D:7      | Shot with an arrow by a centaur
  4116 | D:7      | Reached XP level 4. HP: -3/21 MP: 5/5
  4116 | D:7      | Quit the game

Illustrated notes

Levels and vault maps discovered:
D:1:      ebering_trefoil_twist, layout_basic, serial_shops, shop,
          minmay_tetromino_i4
D:2:      layout_basic
D:3:      layout_basic
D:4:      layout_loops_ring, nicolae_tso_swordbearing_angel,
          minmay_misc_feat_square
D:7:      layout_loops_ring, kennysheep_mini, minmay_temple_entry_stoned_glass,
          uniq_maggie

Skill      XL: |  1  2  3  4  5 |
---------------+----------------+-----
Unarmed Combat | 4 5 6 |  6.1
Fighting       | |  3.0
Dodging        | |  3.2

Action                   |  1- 3 |  4- 6 || total
-------------------------+-------+-------++-------
Melee: Unarmed           |    99 |   100 ||   199
       Bite              |     9 |     5 ||    14
       Punch             |     1 |     3 ||     4
 Stab: Sleeping          |     4 |     6 ||    10
Armor: Skin              |     7 |     2 ||     9
Dodge: Dodged            |    87 |    51 ||   138

Table legend: (Time is in decaauts)
 A = Elapsed time spent in this place.
 B = Non-inter-level travel time spent in this place.
 C = Inter-level travel time spent in this place.
 D = Time resting spent in this place.
 E = Time spent auto-exploring this place.
 F = Levels seen in this place.
 G = Mean time per level.
                   A        B        C        D        E       F      G
               +--------+--------+--------+--------+--------+-----+--------+
         Total |   3599 |   3528 |     71 |    404 |   2532 |   5 |  719.8 |
       Dungeon |   3599 |   3528 |     71 |    404 |   2532 |   5 |  719.8 |
               +--------+--------+--------+--------+--------+-----+--------+

Top non-repeatable levels by time:
     D:1: 1611 daAuts
     D:2: 1123 daAuts
     D:3: 717 daAuts
     D:7: 103 daAuts
     D:4: 44 daAuts
